 Dungeon Crawl Stone Soup version 0.28-a0-957-g42eb19b844 (webtiles) character file.

Game seed: 15684936082315996308

2 croobank the Ducker (level 1, 0/23 HPs)
             Began as a Gnoll Monk on Dec 1, 2021.
             Slain by a goblin (3 damage)
             ... on level 1 of the Dungeon.
             The game lasted 00:01:05 (183 turns).

croobank the Ducker (Gnoll Monk)                     Turns: 183, Time: 00:01:05

Health: 0/23       AC:  2    Str: 10    XL:     1   Next: 40%
Magic:  1/1        EV: 14    Int:  9    God:
Gold:   0          SH:  0    Dex: 14    Spells: 0/0 levels left

rFire   . . .      SeeInvis .   a - +0 mace
rCold   . . .      Faith    .   (no shield)
rNeg    . . .      Spirit   .   b - +0 robe
rPois   .          Reflect  .   (no helmet)
rElec   .          Harm     .   (no cloak)
rCorr   .          Rampage  .   (no gloves)
Will    .....                   (no boots)
Stlth   +++.......              (no amulet)
HPRegen 0.07/turn               (no ring)
MPRegen 0.07/turn               (no ring)

@: no status effects
A: fangs 1, strong nose, distributed training
a: no special abilities


You were on level 1 of the Dungeon.
You visited 1 branch of the dungeon, and saw 1 of its levels.

Inventory:

Hand Weapons
 a - a +0 mace (weapon)
 d - a +0 spear
 e - a +0 short sword
Missiles
 c - 30 stones (quivered)
Armour
 b - a +0 robe (worn)


   Skills:
 + Level 6.4 Fighting
 + Level 0.0 Short Blades
 + Level 0.0 Long Blades
 + Level 0.0 Axes
 + Level 6.4 Maces & Flails
 + Level 0.0 Polearms
 + Level 0.0 Staves
 + Level 0.0 Slings
 + Level 0.0 Bows
 + Level 0.0 Crossbows
 + Level 0.0 Throwing
 + Level 0.0 Armour
 + Level 6.4 Dodging
 + Level 4.0 Stealth
 + Level 0.0 Shields
 + Level 0.0 Unarmed Combat
 + Level 0.0 Spellcasting
 + Level 0.0 Conjurations
 + Level 0.0 Hexes
 + Level 0.0 Summonings
 + Level 0.0 Necromancy
 + Level 0.0 Translocations
 + Level 0.0 Transmutations
 + Level 0.0 Fire Magic
 + Level 0.0 Ice Magic
 + Level 0.0 Air Magic
 + Level 0.0 Earth Magic
 + Level 0.0 Poison Magic
 + Level 0.1 Invocations
 + Level 0.0 Evocations


You couldn't memorise any spells.
You didn't know any spells.
Your spell library was empty.

Dungeon Overview and Level Annotations

Branches:
Dungeon (1/15)

Altars:


Innate Abilities, Weirdness & Mutations

You have very sharp teeth.
Your uncanny sense of smell can sniff out nearby items.
Your experience applies equally to all skills.


Message History

You kill the bat!
You see here a bat corpse.
A goblin comes into view. It is wielding a +1 vampiric dagger.
A kobold comes into view. It is wielding a +0 whip.
A kobold comes into view. It is wielding a +0 short sword.
The kobold shouts! x2; The goblin shouts!
You barely miss the goblin. The goblin hits you but does no damage.
The kobold barely misses you.
You closely miss the kobold. The kobold closely misses you.
The goblin barely misses you. The kobold barely misses you.
You hit the kobold but do no damage.
The kobold hits you with a +0 short sword.
The goblin hits you but does no damage. The kobold hits you with a +0 whip.
You hit the kobold.
You kill the kobold!
The kobold closely misses you.
The goblin hits you with a +1 vampiric dagger.
The kobold barely misses you.
Things that are here:
a +0 whip; a kobold corpse The kobold throws a stone.
The stone hits you but does no damage. The goblin closely misses you.
You barely miss the goblin.
The goblin hits you with a +1 vampiric dagger.
You hit the goblin.
The goblin is heavily wounded.
The goblin hits you with a +1 vampiric dagger.
The goblin draws strength from your wounds!
You hit the goblin. Your bite misses the goblin.
The goblin is heavily wounded.
The goblin barely misses you.
You barely miss the goblin.
The goblin is heavily wounded.
The goblin hits you with a +1 vampiric dagger.
* * * LOW HITPOINT WARNING * * *
The goblin hits you with a +1 vampiric dagger.
* * * LOW HITPOINT WARNING * * *
The goblin draws strength from your wounds!
The goblin hits you with a +1 vampiric dagger.
You die...

#.##.########
#.##.##.....#
#.##.##.....#
..#.#.##........#
#.#.#.##........#
#.#.#.##........#
...#.##..†.....#
##..#.##K.......#
...#@##.##.....#
#.#g##.########
#.....K.......
##.###.#######
#.# #.# #.# #.# #
..... #.###.# #
..... #..##.# #
..... ##.##.##


You could see a goblin.

Vanquished Creatures
  A bat (D:1)
  2 kobolds (D:1)
  A rat (D:1)
4 creatures vanquished.

Notes
Turn   | Place    | Note
-------+----------+-------------------------------------------
     0 | D:1      | croobank the Gnoll Monk began the quest for the Orb.
     0 | D:1      | Reached XP level 1. HP: 23/23 MP: 1/1
   183 | D:1      | Slain by a goblin

Illustrated notes

Levels and vault maps discovered:
D:1:      dpeg_arrival_water_temple_mockup, layout_basic, basic_ecumenical_altar

Action                   || total
-------------------------++-------
Melee: Mace              ||    13
 Stab: Sleeping          ||     2
Armor: Robe              ||     3
Dodge: Dodged            ||    11

Table legend: (Time is in decaauts)
 A = Elapsed time spent in this place.
 B = Non-inter-level travel time spent in this place.
 C = Inter-level travel time spent in this place.
 D = Time resting spent in this place.
 E = Time spent auto-exploring this place.
 F = Levels seen in this place.
 G = Mean time per level.
                   A        B        C        D        E       F      G
               +--------+--------+--------+--------+--------+-----+--------+
         Total |    184 |    184 |      0 |      0 |    105 |   1 |  184.0 |
       Dungeon |    184 |    184 |      0 |      0 |    105 |   1 |  184.0 |
               +--------+--------+--------+--------+--------+-----+--------+

Top non-repeatable levels by time:
     D:1: 184 daAuts
